 Dungeon Crawl Stone Soup version 0.27-a0-1202-ge72e49191c (webtiles) character file.

Game seed: 7093178242000030969

473 Morbidden the Slasher (level 6, -7/48 HPs)
             Began as a Demonspawn Fighter on June 4, 2021.
             Mangled by an ogre
             ... wielding a +0 giant spiked club
              (25 damage)
             ... on level 5 of the Dungeon.
             The game lasted 00:03:16 (3804 turns).

Morbidden the Slasher (Demonspawn Fighter)          Turns: 3804, Time: 00:03:17

Health: -7/48      AC:  8    Str: 16    XL:     6   Next: 84%
Magic:  6/6        EV:  7    Int: 11    God:
Gold:   154        SH:  9    Dex: 13    Spells: 5/5 levels left

rFire    . . .     SeeInvis .   a - +0 long sword
rCold    . . .     Faith    .   c - +0 kite shield
rNeg     . . .     Spirit   .   b - +0 scale mail
rPois    .         Reflect  .   (helmet restricted)
rElec    .         Harm     .   (no cloak)
rCorr    .         Rampage  .   k - +0 pair of gloves
Will     .....                  (no boots)
Stlth    ..........             (no amulet)
HPRegen  0.16/turn              (no ring)
MPRegen  0.10/turn              (no ring)

@: no status effects
A: horns 2, powered by pain 1, demonic magic 2
a: no special abilities


You were on level 5 of the Dungeon.
You visited 1 branch of the dungeon, and saw 4 of its levels.
You also visited: Sewer.

You collected 154 gold pieces.

Inventory:

Hand Weapons
 a - a +0 long sword (weapon)
Armour
 b - a +0 scale mail (worn)
 c - a +0 kite shield (worn)
 k - a +0 pair of gloves (worn)
Scrolls
 e - a scroll of silence {unknown}
 i - a scroll of noise {unknown}
 m - 2 scrolls of fog {unknown}
 n - 5 scrolls of teleportation {unknown}
Potions
 d - a potion of might
 f - a potion of curing
 g - a potion of flight
 h - a potion of brilliance {unknown}
 o - 2 potions of heal wounds {unknown}


   Skills:
 + Level 4.1 Fighting
 + Level 4.4 Long Blades
 + Level 4.0 Armour
 + Level 1.5 Dodging
 + Level 3.6 Shields


You had 5 spell levels left.
You didn't know any spells.
Your spell library was empty.

Dungeon Overview and Level Annotations

Branches:
Dungeon (3/15)              Sewer (visited)

Altars:
Sif Muna
The Shining One

Shops:
D:1 *(


Innate Abilities, Weirdness & Mutations

You have a pair of horns on your head.
You sometimes gain a little power by taking damage.
Spells you cast may paralyse nearby enemies.


Message History

There are monsters nearby!
You closely miss the jackal.
The white imp shouts!
You block the jackal's attack.
The jackal bites you but does no damage.
A jelly comes into view.
There are monsters nearby!
You hit the jackal.
The jackal is moderately wounded.
You block the jackal's attack. The jackal bites you.
There are monsters nearby!
You completely miss the jackal.
The jackal is moderately wounded.
The jackal bites you but does no damage.
You block the jackal's attack.
There are monsters nearby!
You closely miss the jackal. Your headbutt misses the jackal.
The jackal is moderately wounded.
The jackal bites you but does no damage.
The jackal closely misses you.
You hit the jackal.
You kill the jackal!
The orc hits you with a +0 flail.
You slash the orc!
You kill the orc!
The white imp gestures at you.
The puff of frost hits you but does no damage.
You hit the ogre but do no damage.
The ogre hits you with a +0 giant spiked club!!
Ouch! That really hurt!
You are too injured to fight recklessly!
You are too injured to fight recklessly!
You are too injured to fight recklessly!
You are too injured to fight recklessly!
Unknown command.
You hit the ogre. You headbutt the ogre!
The ogre is heavily wounded.
The ogre hits you with a +0 giant spiked club!!
Ouch! That really hurt!
You die...

.#......# #..........#........
.#......######..........#........
.#>..............................
.#........####........###........
.##.......########.#..#(#........
...............#...#..###........
.#....####.###.#.#.#.............
.#.#### #.#.#.#.#......#........
...# #####.#...#@##.#####........
.#####)....#.###O##.## #........
....##.#####.# 5oJ#..# #........
.....#.#..##.###.###.## #........
.....#.#..##.# ... #..# ##.###...
.....'.#..##.# .#. ##.# #.###.##
.....###.....# . . #.# #.#...#.
..####.#.#####.# #. #(## #.#.###.
............# #..# #.#.###.


You could see an ogre, a jelly, a white imp and an orc.

Vanquished Creatures
  Purgy (Sewer)
  A necrophage (D:5)
  An ogre (D:5)
  A jelly (D:5)
  A hound (D:5)
  A hound skeleton (D:5)
  Robin (D:3)
  3 adders
  A gnoll (D:1)
  A worm (D:5)
  4 dart slugs
  2 orcs (D:5)
  7 ball pythons
  2 bats
  4 endoplasms
  3 giant cockroaches
  10 goblins
  6 hobgoblins
  5 jackals
  5 kobolds
  5 quokkas
  7 frilled lizards
  4 rats
76 creatures vanquished.

Notes
Turn   | Place    | Note
-------+----------+-------------------------------------------
     0 | D:1      | Morbidden the Demonspawn Fighter began the quest for the
                  | Orb.
     0 | D:1      | Reached XP level 1. HP: 18/18 MP: 1/1
    81 | D:1      | Gained mutation: Spells you cast may paralyse adjacent
                  | enemies. [demonic ancestry]
    81 | D:1      | Reached XP level 2. HP: 10/24 MP: 2/2
   658 | D:1      | Found Govalad's Assorted Antiques.
   694 | D:1      | Gained mutation: You have a pair of small horns on your
                  | head. [demonic ancestry]
   694 | D:1      | Reached XP level 3. HP: 20/29 MP: 3/3
   814 | D:1      | Found Unanad's Weapon Shoppe.
   969 | D:1      | Found a faded altar of an unknown god.
  1725 | D:2      | Gained mutation: You sometimes gain a little power by
                  | taking damage. [demonic ancestry]
  1725 | D:2      | Reached XP level 4. HP: 34/36 MP: 4/4
  1946 | D:3      | Found a glowing drain.
  1973 | Sewer    | Entered a sewer
  2260 | Sewer    | Noticed Purgy
  2278 | Sewer    | Killed Purgy
  2279 | Sewer    | Reached skill level 1 in Dodging
  2279 | Sewer    | Gained mutation: Spells you cast may paralyse nearby
                  | enemies. [demonic ancestry]
  2279 | Sewer    | Reached XP level 5. HP: 27/42 MP: 5/5
  2660 | D:3      | Noticed Robin
  2672 | D:3      | Killed Robin
  2810 | D:3      | You fall into a shaft and drop 2 floors!
  2810 | D:5      | Entered Level 5 of the Dungeon
  2978 | D:5      | Noticed an ogre
  2986 | D:5      | Killed an ogre
  2987 | D:5      | Gained mutation: You have a pair of horns on your head.
                  | [demonic ancestry]
  2987 | D:5      | Reached XP level 6. HP: 7/48 MP: 6/6
  3759 | D:5      | Found a shimmering blue altar of Sif Muna.
  3804 | D:5      | Mangled by an ogre

Illustrated notes

Levels and vault maps discovered:
D:1:      lightli_arrival_noodles, layout_rooms, shapermc_ecumenical_altar_venn,
          serial_shops, nicolae_shop_waterfront, nicolae_shop_stone,
          minmay_tripent
D:2:      layout_basic
D:3:      layout_loops_ring, nicolae_ashenzari_skybound, lemuel_doored_altar,
          gup_sewer_entry_pipe, minmay_statues_item, uniq_robin
D:5:      minmay_spotlight, layout_basic, gammafunk_temple_overflow_pools,
          lemuel_blue_sif_altar, kennysheep_little_box, item_on_display_a

Skill      XL: |  1  2  3  4  5  6 |
---------------+-------------------+-----
Long Blades    | 2 3 4 |  4.4
Armour         | 3 4 |  4.0
Shields        | 3 |  3.6
Dodging        | 1 |  1.5
Fighting       | 4 |  4.1

Action                   |  1- 3 |  4- 6 || total
-------------------------+-------+-------++-------
Melee: Long sword        |    82 |   145 ||   227
       Headbutt          |     9 |    22 ||    31
  Use: Potion            |       |     7 ||     7
Armor: Scale mail        |    39 |    72 ||   111
       Skin              |       |    23 ||    23
Dodge: Dodged            |    16 |    45 ||    61
Block: Kite shield       |    40 |    79 ||   119
       Rpst.: Long sword |     7 |    17 ||    24

Table legend: (Time is in decaauts)
 A = Elapsed time spent in this place.
 B = Non-inter-level travel time spent in this place.
 C = Inter-level travel time spent in this place.
 D = Time resting spent in this place.
 E = Time spent auto-exploring this place.
 F = Levels seen in this place.
 G = Mean time per level.
                   A        B        C        D        E       F      G
               +--------+--------+--------+--------+--------+-----+--------+
         Total |   3970 |   3933 |     37 |    759 |   2530 |   5 |  794.0 |
       Dungeon |   3334 |   3297 |     37 |    588 |   2238 |   4 |  833.5 |
         Sewer |    635 |    635 |      0 |    171 |    291 |   1 |  635.0 |
               +--------+--------+--------+--------+--------+-----+--------+

Top non-repeatable levels by time:
     D:1: 1150 daAuts
     D:5: 1014 daAuts
     D:2: 730 daAuts
   Sewer: 635 daAuts
     D:3: 439 daAuts
